 Dungeon Crawl Stone Soup version 0.31-a0-229-g1fc7ce93e2 (webtiles) character file.

Game seed: 5779652215532075215

49 qw the Shooter (level 3, -4/29 HPs)
             Began as a Minotaur Hexslinger on July 6, 2023.
             Slain by Sigmund
             ... wielding a +0 scythe
              (6 damage)
             ... on level 2 of the Dungeon.
             The game lasted 00:00:32 (1098 turns).

qw the Shooter (Minotaur Hexslinger)                Turns: 1098, Time: 00:00:32

Health: -4/29      AC:  6    Str: 12    XL:     3   Next: 51%
Magic:  3/3        EV: 11    Int: 10    God:
Gold:   50         SH:  0    Dex: 14    Spells: 3/4 levels left

rFire   . . .        Y - +1 sling
rCold   . . .        (no shield)
rNeg    . . .        g - +0 ring mail
rPois   .            (helmet restricted)
rElec   .            d - +0 cloak
rCorr   .            (no gloves)
SInv    .            (no boots)
Will    .....        (no amulet)
Stlth   +            (no ring)
HPRegen 0.24/turn    (no ring)
MPRegen 0.08/turn

%: no passive effects
@: no status effects
A: horns 2, retaliatory headbutt
a: no special abilities


You were on level 2 of the Dungeon.
You visited 1 branch of the dungeon, and saw 2 of its levels.

You collected 50 gold pieces.


Innate Abilities, Weirdness & Mutations

You have a pair of horns on your head.
You reflexively headbutt those who attack you in melee.


   Skills:
 - Level 2.0 Fighting
 - Level 4.0 Ranged Weapons
 + Level 0.2 Armour
 - Level 2.1 Dodging
 - Level 1.0 Spellcasting
 - Level 2.0 Hexes


You had 3 spell levels left.
You knew the following spells:

 Your Spells              Type           Power      Damage    Failure   Level
a - Slow                  Hex            16%        N/A       34%         1

Your spell library contained the following spells:

 Spells                   Type           Power      Damage    Failure   Level
 Inner Flame              Hex/Fire       2%         N/A       83%         3
 Portal Projectile        Hex/Tloc       4%         N/A       83%         3
 Cause Fear               Hex            2%         N/A       98%         4

Inventory:

Hand Weapons
 Y - a +1 sling (weapon)
Armour
 b - a scarf of resistance
 d - a +0 cloak (worn)
 g - a +0 ring mail (worn)
Scrolls
 a - 2 scrolls of identify
 c - a scroll of revelation {unknown}
Potions
 e - a potion of mutation {unknown}
 f - a potion of enlightenment {unknown}
 j - a potion of might {unknown}
 k - a potion of magic {unknown}

Dungeon Overview and Level Annotations

Branches:
Dungeon (2/15)

Altars:

Annotations:
D:2 Sigmund


Message History

1079 ||| FLEEEEING.
1080 ||| FLEEEEING.
1081 ||| FLEEEEING.
The rat twitches its whiskers.
1082 ||| FLEEEEING.
1083 ||| FLEEEEING.
You are confused.
Enter note:
Enter note:
Enter note:
Enter note: You shoot a sling bullet.
Sigmund appears from thin air!
Reactivating autopickup.
Sigmund says, "Look into my eyes."
Sigmund points at you and mumbles some strange words.
You are more confused.
The rat twitches its whiskers.
The rat bites you but does no damage. The rat bites you but does no damage.
The rat closely misses you. Sigmund barely misses you.
The rat bites you but does no damage. The rat bites you.
Sigmund gestures wildly while chanting.
Sigmund flickers and vanishes!
Deactivating autopickup; reactivate with Ctrl-A.
The rat bites you. Something hits you but does no damage.
The rat bites you but does no damage.
You feel less confused. Something hits you.
The rat bites you but does no damage.
You shoot a sling bullet. The sling bullet barely misses the rat.
Something hits you! The rat bites you but does no damage.
You shoot a sling bullet. The sling bullet hits the rat.
You kill the rat!
Something hits you.
You shoot a sling bullet. Something hits you.
You shoot a sling bullet. Something hits you.
You die...

.........########### ......
.........##.........### .....
....[.....#.....<..... ....
....#..#............ .# ...
.#.##..###......... ##. ..
#.......#......... #.. #!
##..##..#......## #.# #####.
.#####..##.#.....## #.# ##.....
................@#####.###...##..
..................#..........##..
######..####......{..r.......##.{
#...###..#..............##r.
#.#......#.###..........##..
#..###.##.#.# #......>...##..
#..# #.##.#.####......#####..
#.#####...................r... #.
#.......#.#####.#......##..


There were no monsters in sight!

Vanquished Creatures
  An adder (D:2)
  A dart slug (D:2)
  4 ball pythons
  4 bats
  6 endoplasms
  3 goblins (D:1)
  4 hobgoblins
  2 quokkas
  6 kobolds (D:1)
  3 rats
34 creatures vanquished.

Notes
Turn   | Place    | Note
-------+----------+-------------------------------------------
     0 | D:1      | qw the Minotaur Hexslinger began the quest for the Orb.
     0 | D:1      | Reached XP level 1. HP: 16/16 MP: 1/1
     0 | D:1      | 0 ||| qw: Version: 0.3-a-46-gb1f654a
     0 | D:1      | 0 ||| qw: Game counter: 1091
     0 | D:1      | 0 ||| qw: Melee chars always use a shield: true
     0 | D:1      | 0 ||| qw: God list: Okawaru
     0 | D:1      | 0 ||| qw: Allow faded altars: false
     0 | D:1      | 0 ||| qw: Do Orc after clearing Dungeon:15 true
     0 | D:1      | 0 ||| qw: Do second Lair branch before Depths: true
     0 | D:1      | 0 ||| qw: Lair rune preference: random
     0 | D:1      | 0 ||| qw: Goals: Normal
     0 | D:1      | 0 ||| PLANNING D:1-11
   118 | D:1      | Reached skill level 3 in Ranged Weapons
   141 | D:1      | Reached XP level 2. HP: 18/23 MP: 2/2
   605 | D:1      | 605 ||| Stepping ~*~*~tactically~*~*~ (outnumbered).
   607 | D:1      | 607 ||| Stepping ~*~*~tactically~*~*~ (outnumbered).
   768 | D:1      | 768 ||| UPGRADING to +0 cloak.
   773 | D:1      | 773 ||| UPGRADING to +0 ring mail.
   783 | D:1      | 783 ||| DROPPING +0 robe.
   784 | D:1      | 784 ||| READING 2 scrolls labelled QINOYDGHAGOXT.
   785 | D:1      | 785 ||| READING scroll labelled WIJIUF NUAM.
   786 | D:1      | 786 ||| READING scroll labelled OHA TAELOS VIJ.
   787 | D:1      | 787 ||| READING scroll labelled BOTAAT WUTI.
   792 | D:1      | 792 ||| DROPPING scroll of poison.
   862 | D:2      | Reached XP level 3. HP: 29/29 MP: 3/3
   965 | D:2      | Reached skill level 4 in Ranged Weapons
  1056 | D:2      | Noticed Sigmund
  1062 | D:2      | 1062 ||| FLEEEEING.
  1063 | D:2      | 1063 ||| FLEEEEING.
  1064 | D:2      | 1064 ||| FLEEEEING.
  1065 | D:2      | 1065 ||| FLEEEEING.
  1066 | D:2      | 1066 ||| FLEEEEING.
  1067 | D:2      | 1067 ||| FLEEEEING.
  1068 | D:2      | 1068 ||| FLEEEEING.
  1069 | D:2      | 1069 ||| FLEEEEING.
  1070 | D:2      | 1070 ||| FLEEEEING.
  1073 | D:2      | 1073 ||| FLEEEEING.
  1074 | D:2      | 1074 ||| FLEEEEING.
  1075 | D:2      | 1075 ||| FLEEEEING.
  1077 | D:2      | 1077 ||| FLEEEEING.
  1078 | D:2      | 1078 ||| FLEEEEING.
  1079 | D:2      | 1079 ||| FLEEEEING.
  1080 | D:2      | 1080 ||| FLEEEEING.
  1081 | D:2      | 1081 ||| FLEEEEING.
  1082 | D:2      | 1082 ||| FLEEEEING.
  1083 | D:2      | 1083 ||| FLEEEEING.
  1095 | D:2      | HP: 3/29 [something (8)]
  1098 | D:2      | Slain by Sigmund

Levels and vault maps discovered:
D:1:      minmay_arrival_wavy_path, layout_loops_ring, minmay_pentomino_s4
D:2:      layout_rooms, uniq_sigmund, uniq_terence

Skill      XL: |  1  2  3 |
---------------+----------+-----
Ranged Weapons | 3 4 |  4.0
Fighting       | 2 |  2.0
Armour         | |  0.2
Dodging        | |  2.1
Spellcasting   | |  1.0
Hexes          | |  2.0

Action                     || total
---------------------------++-------
   Fire: Sling             ||   113
    Use: Scroll            ||     4
 Armour: Robe              ||    11
         Ring mail         ||    16
  Dodge: Dodged            ||    29

Table legend:
 A = Non-vault XP
 B = Vault XP
 C = Vault XP percentage of total XP
 D = Non-vault monster count
 E = Vault monster count
 F = Vault count percentage of total count
                 A         B        C        D         E       F
            +---------+---------+-------+---------+---------+-------
      Total |      65 |       5 |   7.1 |      30 |       4 |  11.8
            +---------+---------+-------+---------+---------+-------
        D:1 |      30 |       5 |  14.3 |      18 |       4 |  18.2
        D:2 |      35 |       0 |   0.0 |      12 |       0 |   0.0
            +---------+---------+-------+---------+---------+-------
